 Dungeon Crawl Stone Soup version 0.17.1-3-g152610e (webtiles) character file.

13221 simples the Cleaver (level 11, 0/101 HPs)
             Began as a Minotaur Berserker on Apr 6, 2016.
             Was a High Priest of Trog.
             Slain by a killer bee (8 damage)
             ... on level 2 of the Lair of Beasts.
             The game lasted 00:17:34 (11789 turns).

simples the Cleaver (Minotaur Berserker)           Turns: 11789, Time: 00:17:37

Health: 0/101      AC: 13    Str: 25    XL:     11   Next: 72%
Magic:  10/10      EV: 13    Int:  4    God:    Trog [*****.]
Gold:   768        SH:  0    Dex: 12    Spells: 0 memorised, 10 levels left

rFire  + + +     SeeInvis .     W - +8 battleaxe "Sentumih" {chop, *Noise +Rage rElec rF++}
rCold  . . .     Clarity  .     m - +0 chain mail
rNeg   . . .     SustAt   .     (shield currently unavailable)
rPois  +         Gourm    .     (helmet restricted)
rElec  +         Spirit   .     (no cloak)
rCorr  .         Warding  .     (no gloves)
rMut   .         Stasis   .     A - +0 pair of boots
MR     .....                    (no amulet)
Stlth  ..........               I - ring of poison resistance
                                f - ring of protection from fire

@: lethally poisoned (0 -> -1), exhausted, slowed, very slow, not resistant to
hostile enchantments, extremely unstealthy
A: retaliatory headbutt, horns 2, agile 1
a: Berserk, Trog's Hand, Brothers in Arms, Burn Spellbooks, Renounce Religion,
Evoke Berserk Rage


You were on level 2 of the Lair of Beasts.
You worshipped Trog.
Trog was extremely pleased with you.
You were very hungry.

You visited 2 branches of the dungeon, and saw 12 of its levels.

You collected 768 gold pieces.

Inventory:

Hand Weapons
 G - the +6 whip of Attainder {freeze, Dex+2}
   (You found it on level 5 of the Dungeon)

   It has been specially enchanted to freeze those struck by it, causing extra
   injury to most foes and up to half again as much damage against particularly
   susceptible opponents.
   It can also slow down cold-blooded creatures.
   It affects your dexterity (+2).
 W - the +8 battleaxe "Sentumih" (weapon) {chop, *Noise +Rage rElec rF++}
   (Trog gifted it to you on level 10 of the Dungeon)

   It inflicts extra damage upon your enemies.
   It greatly protects you from fire.
   It insulates you from electricity.
   It lets you go berserk.
   It may make noises in combat.
Armour
 b - a +0 animal skin
 h - a fire dragon hide
 m - a +0 chain mail (worn)
 A - a +0 pair of boots (worn)
Jewellery
 f - a ring of protection from fire (left hand)
 I - a ring of poison resistance (right hand)
 K - an uncursed ring of stealth
 N - an uncursed ring of flight
Wands
 u - a wand of paralysis (5)
 x - a wand of draining (8)
 J - a wand of polymorph (12)
 P - a wand of disintegration (15)
 Q - a wand of draining (7)
Scrolls
 d - 3 scrolls of recharging {unknown}
 e - 2 scrolls of blinking
 i - 3 scrolls of random uselessness
 k - 3 scrolls of remove curse
 l - 6 scrolls of noise
 o - 2 scrolls of fog {unknown}
 p - 2 scrolls of fear {unknown}
 v - a scroll of magic mapping {unknown}
 y - 4 scrolls of teleportation
 z - 4 scrolls of amnesia {unknown}
 B - 2 scrolls of enchant weapon
 F - a scroll of enchant armour
 H - a scroll of vulnerability
 L - a scroll of holy word
 O - 2 scrolls of identify
Potions
 g - a potion of mutation
 n - 5 potions of curing
 q - 2 potions of haste {unknown}
 t - 4 potions of berserk rage
 w - a potion of ambrosia {unknown}
 C - a potion of cure mutation {unknown}
 D - 2 potions of degeneration
 M - a potion of cancellation {unknown}
 X - a potion of agility {unknown}
Books
 E - a book of Clouds

   Spells                             Type                      Level
   a - Mephitic Cloud                 Conjuration/Poison/Air       3
   b - Conjure Flame                  Conjuration/Fire             3
   c - Poisonous Cloud                Conjuration/Poison/Air       6
   d - Freezing Cloud                 Conjuration/Ice/Air          6
   e - Ring of Flames                 Charms/Fire                  7
   Trog disapproves of the use of such an item.
 V - a book of Necromancy

   Spells                             Type                      Level
   a - Pain                           Necromancy                   1
   b - Animate Skeleton               Necromancy                   1
   c - Vampiric Draining              Necromancy                   3
   d - Regeneration                   Charms/Necromancy            3
   e - Animate Dead                   Necromancy                   4
   f - Control Undead                 Necromancy                   4
   Trog disapproves of the use of such an item.
Comestibles
 a - 4 chunks of flesh
 c - 11 bread rations
 j - 11 beef jerkies
 r - 2 slices of pizza
 s - 5 meat rations
 T - a royal jelly


   Skills:
 + Level 10.7 Fighting
 * Level 14.2 Axes
 + Level 10.4 Armour
 + Level 9.7 Dodging


You had 10 spell levels left.
You didn't know any spells.

Dungeon Overview and Level Annotations

Branches:
Dungeon (10/15)            Temple (0/1) D:5            Lair (2/8) D:10
    Orc: D:9-12

Altars:
Ashenzari
Cheibriados
Dithmenos
Elyvilon
Gozag
Kikubaaqudgha
Makhleb
Nemelex Xobeh
Ru
Sif Muna
Trog
Yredelemnul
The Shining One

Portals:
Trove: D:10 (give +3 storm dragon armour)


Innate Abilities, Weirdness & Mutations

You reflexively headbutt those who attack you in melee.
You have a pair of horns on your head.
You are agile. (Dex +2)


Message History

You kill the killer bee!
Trog accepts your kill.
The killer bee stings you but does no damage.
The killer bee stings you.
* * * LOW HITPOINT WARNING * * *
Your ogre closely misses the killer bee.
The killer bee stings you.
* * * LOW HITPOINT WARNING * * *
You feel sick. The killer bee stings your ogre!
The killer bee stings your ogre! x2
Your ogre closely misses the killer bee.
The killer bee stings your ogre!
Your ogre barely misses the killer bee.
Found 22 gold pieces.
Your ogre goes berserk!
You feel somewhat more hungry. The killer bee barely misses your ogre.
The killer bee stings your ogre!
Your ogre dies!
Your ogre's corpse disappears in a puff of smoke!
The killer bee stings you!
You die...

...$.....# .
........# # ...
.......# .#
..P##......##.##
............P#
#..........#
#...O.....#
#..@[.....##
#.Pyy......#
#..#.).....P#
####†#......#
.%%#.....##
%.%%.#......#
#%%...#.....##
#..%..#......#
#%%.%.#.....P#


You could see a queen bee, a killer bee (berserk) and a friendly ogre (berserk).

Vanquished Creatures
  A vault guard (D:10)
  A hydra (Lair:1)
  A hill giant (D:10)
  Pikel (D:4)
  A griffon (D:10)
  A gargoyle (D:10)
  3 spiny frogs (Lair:1)
  A komodo dragon (Lair:1)
  A troll (D:10)
  Sigmund (D:6)
  A wyvern (D:7)
  6 yaks
  5 hippogriffs
  A deep elf mage (D:10)
  2 hungry ghosts
  Menkaure (D:4)
  4 water moccasins
  2 ice beasts
  3 porcupines (Lair:1)
  3 phantoms
  2 black bears
  2 orc warriors
  2 ogres
  A wasp (D:9)
  3 centaurs
  3 crocodiles (Lair:1)
  3 elf zombies (D:7)
  4 giant frogs
  5 scorpions
  A gnoll sergeant (D:9)
  A water moccasin skeleton (D:8)
  A big kobold (D:9)
  A wyvern skeleton (D:6)
  31 killer bees
  8 wights
  2 jellies
  A centaur zombie (D:8)
  A giant frog zombie (D:8)
  6 crimson imps
  An orc priest (D:10)
  4 hounds
  2 human zombies (D:7)
  A centaur skeleton (D:8)
  4 orc wizards
  4 giant frog skeletons
  7 iguanas
  Terence (D:3)
  3 human skeletons (D:7)
  A gnoll shaman (D:5)
  3 worker ants
  A killer bee zombie (D:6)
  A hound skeleton (D:4)
  A hound zombie (D:6)
  4 mummies (D:7)
  13 gnolls
  11 adders
  3 shadow imps
  2 oozes (D:1)
  5 giant geckos
  28 orcs
  7 bats
  2 bat zombies (D:2)
  11 giant cockroaches
  11 hobgoblins
  11 jackals
  7 quokkas
  A ball python (D:1)
  11 giant newts
  9 goblins
  12 kobolds
  6 rats
  A rat zombie (D:2)
307 creatures vanquished.

Vanquished Creatures (others)
  The ghost of emiel the Covert, a novice SpAK of Lugonu (D:4)
  A hound (D:4)
2 creatures vanquished.

Grand Total: 309 creatures vanquished

Notes
Turn   | Place    | Note
--------------------------------------------------------------
     0 | D:1      | simples the Minotaur Berserker began the quest for the Orb.
     0 | D:1      | Reached XP level 1. HP: 19/19 MP: 0/0
     0 | D:1      | Noticed an orb of fire
     0 | D:1      | Noticed a shadow dragon
     4 | D:1      | Noticed a red draconian
     5 | D:1      | Noticed an ice dragon
     6 | D:1      | Noticed a tentacled monstrosity
     8 | D:1      | Noticed an ice dragon
    12 | D:1      | Noticed an iron dragon
    12 | D:1      | Noticed an iron dragon
    14 | D:1      | Noticed a large abomination
    16 | D:1      | Noticed an orb of fire
    18 | D:1      | Noticed a shadow dragon
    18 | D:1      | Noticed a tentacled monstrosity
    20 | D:1      | Noticed an ice dragon
   202 | D:1      | Reached skill level 4 in Axes
   482 | D:1      | Reached XP level 2. HP: 20/27 MP: 1/1
  1041 | D:1      | Reached XP level 3. HP: 33/33 MP: 2/2
  1104 | D:1      | Gained mutation: You are agile. (Dex +2) [potion of beneficial mutation]
  1378 | D:2      | Found a shadowy altar of Dithmenos.
  1380 | D:2      | Found a snail-covered altar of Cheibriados.
  1380 | D:2      | Found a white marble altar of Elyvilon.
  1418 | D:2      | Reached ** piety under Trog
  1725 | D:2      | Reached XP level 4. HP: 36/40 MP: 3/3
  1828 | D:2      | Found an ancient bone altar of Kikubaaqudgha.
  2207 | D:3      | Reached *** piety under Trog
  2303 | D:3      | Reached skill level 5 in Axes
  2444 | D:3      | Found a burning altar of Makhleb.
  2444 | D:3      | Noticed an Executioner
  2447 | D:3      | Noticed a hellwing
  2447 | D:3      | Noticed an orange demon
  2654 | D:3      | Reached XP level 5. HP: 47/47 MP: 4/4
  2710 | D:3      | Noticed Terence
  2721 | D:3      | Killed Terence
  3056 | D:4      | Found a shattered altar of Ashenzari.
  3057 | D:4      | Noticed Menkaure
  3063 | D:4      | Killed Menkaure
  3063 | D:4      | Reached skill level 5 in Fighting
  3063 | D:4      | Reached skill level 6 in Axes
  3063 | D:4      | Reached XP level 6. HP: 40/56 MP: 5/5
  3327 | D:4      | Noticed a slave
  3328 | D:4      | Noticed a slave
  3328 | D:4      | Noticed a slave
  3329 | D:4      | Noticed Pikel
  3329 | D:4      | Noticed a slave
  3341 | D:4      | Killed Pikel
  3341 | D:4      | Reached skill level 7 in Axes
  3341 | D:4      | Reached XP level 7. HP: 56/62 MP: 6/6
  3493 | D:4      | Found a shattered altar of Ashenzari.
  3502 | D:4      | Reached skill level 5 in Dodging
  3516 | D:4      | Killed emiel's ghost
  3568 | D:4      | Noticed a hippogriff
  3581 | D:4      | Killed a hippogriff
  3581 | D:4      | Reached skill level 5 in Armour
  4169 | D:5      | Entered Level 5 of the Dungeon
  4219 | D:5      | Reached XP level 8. HP: 44/70 MP: 7/7
  4372 | D:5      | Reached skill level 8 in Axes
  4536 | D:5      | Got a faintly glowing whip
  4538 | D:5      | Found an opulent altar of Gozag.
  4589 | D:5      | Found a staircase to the Ecumenical Temple.
  4842 | D:5      | Reached **** piety under Trog
  4954 | D:5      | Found a deep blue altar of Sif Muna.
  5310 | D:6      | Found a bloodstained altar of Trog.
  5324 | D:6      | Noticed Sigmund
  5335 | D:6      | Killed Sigmund
  5335 | D:6      | Reached skill level 9 in Axes
  5776 | D:6      | Reached XP level 9. HP: 68/79 MP: 8/8
  5979 | D:7      | Reached skill level 10 in Axes
  6713 | D:7      | Found a basalt altar of Yredelemnul.
  6985 | D:8      | Noticed a rust devil
  6985 | D:8      | Noticed an orange demon
  6986 | D:8      | Found an ancient bone altar of Kikubaaqudgha.
  6987 | D:8      | Noticed an orange demon
  7112 | D:8      | Reached skill level 11 in Axes
  7447 | D:8      | Found an opulent altar of Gozag.
  7448 | D:8      | Found a sparkling altar of Nemelex Xobeh.
  7472 | D:8      | Found a glowing golden altar of the Shining One.
  7601 | D:9      | Reached XP level 10. HP: 81/90 MP: 9/9
  7677 | D:9      | Found a sacrificial altar of Ru.
  7710 | D:9      | Found a deep blue altar of Sif Muna.
  8485 | D:9      | Reached skill level 12 in Axes
  8489 | D:9      | Reached ***** piety under Trog
  8587 | D:10     | Entered Level 10 of the Dungeon
  9072 | D:10     | Received a gift from Trog
  9079 | D:10     | Got a twisted battleaxe {god gift}
  9080 | D:10     | Identified the +8 battleaxe "Sentumih" {chop, *Noise +Rage rElec rF++} (Trog gifted it to you on level 10 of the Dungeon)
  9533 | D:10     | Noticed a vault guard
  9537 | D:10     | Killed a vault guard
  9662 | D:10     | Found a portal to a secret trove of treasure.
  9710 | D:10     | Noticed a griffon
  9714 | D:10     | Killed a griffon
  9729 | D:10     | Reached skill level 13 in Axes
  9917 | D:10     | Reached XP level 11. HP: 99/99 MP: 10/10
 10024 | D:10     | Noticed a hill giant
 10028 | D:10     | Killed a hill giant
 10150 | D:10     | Found a staircase to the Lair.
 10200 | Lair:1   | Entered Level 1 of the Lair of Beasts
 10201 | Lair:1   | Identified the +6 whip of Attainder {freeze, Dex+2} (You found it on level 5 of the Dungeon)
 10325 | Lair:1   | Reached skill level 10 in Fighting
 10826 | Lair:1   | Noticed an eight-headed hydra
 10837 | Lair:1   | Killed an eight-headed hydra
 10837 | Lair:1   | Reached skill level 10 in Armour
 11165 | Lair:1   | Identified a scroll of acquirement
 11459 | Lair:1   | Reached skill level 14 in Axes
 11780 | Lair:2   | Received a gift from Trog
 11789 | Lair:2   | Slain by a killer bee

Action                   |  1- 3 |  4- 6 |  7- 9 | 10-12 || total
-------------------------+-------+-------+-------+-------++-------
Melee: Hand axe          |    94 |   110 |   396 |    12 ||   612
       Battleaxe         |       |       |       |   275 ||   275
       Whip              |       |       |       |    11 ||    11
Invok: Berserk           |     2 |     2 |     1 |     2 ||     7
       Trog's Hand       |       |       |     2 |       ||     2
       Brothers in Arms  |       |       |       |     2 ||     2
  Use: Scroll            |     2 |       |    10 |     5 ||    17
       Potion            |     1 |       |       |     1 ||     2
  Eat: Chunk             |     5 |     5 |    15 |    16 ||    41
       Fruit             |       |       |     3 |       ||     3
       Pizza             |       |       |     1 |       ||     1
       Beef jerky        |       |       |     1 |       ||     1
